cohdb
Replays
Latest Replays
All Replays
Popular Replays
Top Player Replays
Match Explorer
How It Works
Community
CoH3 Stats
Reddit
Sign in to upload your games and track your stats! →
Sign in with Steam
Match 39848753
Unlisted
Match 39848753
Overview
Messages
Build Orders
End
Kradschützen Motorcycle Team
250 Light Carrier
Panzergrenadier Squad
Selects Panzerjäger Kommand Battlegroup
Panzergrenadier Squad
Construct Light Support Kompanie
Fire Support Elements
le.IG 18 Support Gun Team
Selects GrB 39 Grenade Launcher Requisition
Selects Mine Fields
Panzerpioneer Squad
MG34 Team
Flakvierling Half-track
Pak 38 Mechanized Group
Construct Mechanized Kompanie
Construct Panzerarmee Kommand
Assault Grenadier Squad
Walking Stuka Rocket Launcher
Flak 36 Anti-tank Gun Team
Assault Grenadier Squad
LanceCriminal619
Nashorn101
ZFranchise2121
eagles_79
0
0
Comments
sign in to comment!
No comments posted yet!